[Event "*** SCC Grand Prix: Titled Tuesday Blitz"]
[Site "Chess.com"]
[Date "2020.10.06"]
[Round "2"]
[White "pfalcon1949"]
[Black "WeAintSurePal"]
[Result "0-1"]
[WhiteElo "2016"]
[BlackElo "2380"]
[TimeControl "180+1"]
[EndTime "10:15:21 PDT"]
[Termination "WeAintSurePal won by resignation"]

1. c4 c6 2. e4 e5 3. Nc3 Nf6 4.
g3 Bb4 5. Nge2 d5 6. cxd5 cxd5 7. exd5 Bg4 8. Bg2 O-O 9. f3 Bf5 10. O-O Nxd5 11. Nxd5 Qxd5 12. Nc3 Qd4+ 13. Kh1 Nc6 14. Ne4 Bxe4 15. fxe4 Rad8 16. Qg4 Qd7 17. Qh5 Qe6 18. a3 Bxd2 19. Bh3 Qc4 20. Qf3 Rd3 21. Qe2 Qd4 22. Rb1 Bxc1 23. Rbxc1 Rd2 24. Qf3 Qxb2 25. Bg2 Nd4 0-1

[Event "*** SCC Grand Prix: Titled Tuesday Blitz"]
[Site "Chess.com"]
[Date "2020.10.06"]
[Round "2"]
[White "Vamostodorecto"]
[Black "Evachess2006"]
[Result "1-0"]
[WhiteElo "2367"]
[BlackElo "1628"]
[TimeControl "180+1"]
[EndTime "10:15:21 PDT"]
[Termination "Vamostodorecto won by checkmate"]

1. d4 d5 2. c4 dxc4 3. Nf3 Nf6 4. e3 e6 5. Bxc4 b6 6. O-O Bb7 7. Nc3 Be7 8. Qe2 O-O 9. e4 c5 10. Rd1 Qc7 11. Nb5 Qc8 12. d5 exd5 13. exd5 a6 14. Qxe7 axb5 15. Bxb5 Nxd5 16. Qh4 Nd7 17. Bxd7 Qd8 18.
Ng5 h6 19. Bf5 g6 20. Qxh6 Qf6 21. Qh7# 1-0

[Event "*** SCC Grand Prix: Titled Tuesday Blitz"]
[Site "Chess.com"]
[Date "2020.10.06"]
[Round "2"]
[White "barbara25"]
[Black "ChessAurochs"]
[Result "0-1"]
[WhiteElo "2325"]
[BlackElo "2564"]
[TimeControl "180+1"]
[EndTime "10:15:26 PDT"]
[Termination "ChessAurochs won by resignation"]

1. e4 e5 2. Nf3 Nc6 3. Bb5 a6 4. Bxc6 dxc6 5. O-O Qd6 6. c3 Bg4 7. d4 O-O-O 8. Be3 Nf6 9. Nbd2 Nd7 10. b4 exd4 11. cxd4 Nb6 12. a3 f6 13. h3 Bh5 14.
Qb3 Be7 15. Nc4 Nxc4 16. Qxc4 Rhe8 17. Nd2 f5 18. e5 Qd5 19. Qxd5 Rxd5 20. Nc4 f4 21.
Bc1 Rxd4 22. Na5 Bf7 23. Bb2 Rd2 24. Bc3 Rc2 25. Rac1 Rxc1 26. Rxc1 Rd8 27. f3 g5 28.
Be1 Rd3 29. Ra1 Bd5 30. a4 b6 31. b5 axb5 32. axb5 bxa5 33. Rxa5 cxb5 34. Ra8+ Bxa8 0-1

[Event "*** SCC Grand Prix: Titled Tuesday Blitz"]
[Site "Chess.com"]
[Date "2020.10.06"]
[Round "2"]
[White "LedakovAlexandr"]
[Black "HanSchut"]
[Result "1-0"]
[WhiteElo "2444"]
[BlackElo "2248"]
[TimeControl "180+1"]
[EndTime "10:15:26 PDT"]
[Termination "LedakovAlexandr won by resignation"]

1. Nf3 c5 2. c3 d5 3. d4 cxd4 4. cxd4 Nc6 5. Nc3 Bf5 6. Bf4 Rc8 7. Qb3 Qd7 8. Qxd5 Nb4 9. Qxd7+ Kxd7 10. Ne5+ Ke8 11. e4 Bd7 12. Nxd7 Kxd7 13. Bb5+ Kd8 14. Kd2 a6 15. Ba4 e6 16. Rhd1 Nf6 17. Ke2 Nh5 18.
Be3 Be7 19. a3 Nc6 20. d5 exd5 21. Rxd5+ Ke8 22. Rxh5 1-0

[Event "*** SCC Grand Prix: Titled Tuesday Blitz"]
[Site "Chess.com"]
[Date "2020.10.06"]
[Round "2"]
[White "creativity"]
[Black "annazero"]
[Result "0-1"]
[WhiteElo "2053"]
[BlackElo "2384"]
[TimeControl "180+1"]
[EndTime "10:15:34 PDT"]
[Termination "annazero won on time"]

1. d4 d5 2. c4 c6 3. Nc3 Nf6 4. Nf3 dxc4 5. a4 Bf5 6. Ne5 Nbd7 7. Nxc4 Nb6 8. Ne5 e6 9. f3 Bb4 10. e3 O-O 11. Be2 h6 12. O-O Bh7 13. e4 c5 14. Be3 cxd4 15. Bxd4 Rc8 16. Rc1 Bc5 17. Bxc5 Rxc5 18. Qxd8 Rxd8 19. Nd3 Rcc8 20. Rfd1 Bg6 21. Nf2 Rxd1+ 22. Rxd1 Nc4 23. Bxc4 Rxc4 24. Rd8+ Kh7 25.
Nd3 a6 26. Ne5 Rc7 27. Nxg6 fxg6 28. Kf2 Nd7 29. Ke3 Ne5 0-1

[Event "*** SCC Grand Prix: Titled Tuesday Blitz"]
[Site "Chess.com"]
[Date "2020.10.06"]
[Round "2"]
[White "BeanScreen"]
[Black "saraswathii"]
[Result "1-0"]
[WhiteElo "2677"]
[BlackElo "2371"]
[TimeControl "180+1"]
[EndTime "10:15:38 PDT"]
[Termination "BeanScreen won by resignation"]

1. e4 c5 2. Nf3 e6 3. d4 cxd4 4. Nxd4 Nf6 5. Nc3 Nc6 6. Ndb5 Bb4 7. a3 Bxc3+ 8. Nxc3 d5 9. exd5 exd5 10. Qe2+ Be6 11. Bg5 O-O 12. O-O-O Re8 13. Ne4 Bf5 14. Bxf6 gxf6 15.
Rxd5 Qxd5 16. Nxf6+ Kg7 17. Nxd5 Rxe2 18. Bxe2 Nd4 19.
Bd1 Rd8 20. Ne3 Bg6 21. c3 Nc6 22. Bc2 Ne7 23. Rd1 Rxd1+ 24. Kxd1 Kf6 25. Bxg6 hxg6 26. Kd2 Ke6 27. Kd3 Nc6 28. f4 Ne7 29. b4 Nc8 30. c4 Ne7 31. g4 Nc6 32. Nc2 Ne7 33. Nd4+ Kd7 34. c5 Ng8 35. Nf3 Ke7 36. Kd4 Nf6 37. Ne5 Ne8 38. b5 1-0

[Event "*** SCC Grand Prix: Titled Tuesday Blitz"]
[Site "Chess.com"]
[Date "2020.10.06"]
[Round "2"]
[White "Ermito2020"]
[Black "ajdemipopushi"]
[Result "1-0"]
[WhiteElo "2647"]
[BlackElo "2348"]
[TimeControl "180+1"]
[EndTime "10:15:38 PDT"]
[Termination "Ermito2020 won on time"]

1. e4 c5 2. Nf3 g6 3. c3 d5 4. e5 Nc6 5. d4 Bg4 6. Bb5 Qb6 7. Na3 e6 8. O-O Bxf3 9. Qxf3 cxd4 10. cxd4 Bxa3 11.
Bxc6+ bxc6 12. Qxa3 Ne7 13. Bg5 Nf5 14. Bf6 Kd7 15. g4 Nxd4 16. Qe7+ Kc8 17. Bxh8 Ne2+ 18.
Kh1 Qd4 19. f3 Qe3 20. Bf6 1-0

[Event "*** SCC Grand Prix: Titled Tuesday Blitz"]
[Site "Chess.com"]
[Date "2020.10.06"]
[Round "2"]
[White "MarceloPlaya"]
[Black "jerry_77"]
[Result "0-1"]
[WhiteElo "2254"]
[BlackElo "2455"]
[TimeControl "180+1"]
[EndTime "10:15:42 PDT"]
[Termination "jerry_77 won on time"]

1. e4 c6 2. d4 d5 3. e5 c5 4.
c3 Nc6 5. Be3 f6 6. exf6 Nxf6 7.
Bd3 e5 8. dxe5 Nxe5 9. Bb5+ Bd7 10. Bxd7+ Qxd7 11. Nf3 Nxf3+ 12. Qxf3 O-O-O 13. O-O Bd6 14. b4 Rhf8 15. bxc5 Bxh2+ 16. Kh1 Ng4 17. Qh3 Be5 18. Na3 g6 19. Rab1 Rf5 20. c6 bxc6 21. Qxg4 Rh5+ 22. Qxh5 gxh5 23. Rb4 Bxc3 24. Rb3 d4 25. Bf4 Qf5 26. Bh2 Qd3 27. Rfb1 Kd7 28. Rb7+ Ke6 29. Rxa7 Kf6 0-1

[Event "*** SCC Grand Prix: Titled Tuesday Blitz"]
[Site "Chess.com"]
[Date "2020.10.06"]
[Round "2"]
[White "nocnypako"]
[Black "GukeshDommaraju"]
[Result "0-1"]
[WhiteElo "2543"]
[BlackElo "2806"]
[TimeControl "180+1"]
[EndTime "10:15:48 PDT"]
[Termination "GukeshDommaraju won by resignation"]

1. d4 d5 2. c4 e6 3. Nc3 c5 4.
cxd5 exd5 5. Nf3 Nf6 6. g3 Nc6 7. Bg2 cxd4 8. Nxd4 Bc5 9. Nxc6 bxc6 10. O-O O-O 11. e4 Ba6 12. Re1 Qb6 13. Qc2 Ng4 14. Nd1 Bd3 15. Qxd3 Bxf2+ 16. Kf1 Nxh2+ 17. Ke2 Bxe1 18. Be3 Qa5 19. a3 Bxg3 20. b4 Qc7 21. exd5 Rad8 22. Nc3 Rfe8 23. Ne4 cxd5 24. Nxg3 Qxg3 0-1

[Event "*** SCC Grand Prix: Titled Tuesday Blitz"]
[Site "Chess.com"]
[Date "2020.10.06"]
[Round "2"]
[White "KuzubovYuriy"]
[Black "Savagelittlemole"]
[Result "1-0"]
[WhiteElo "2933"]
[BlackElo "2581"]
[TimeControl "180+1"]
[EndTime "10:15:50 PDT"]
[Termination "KuzubovYuriy won by resignation"]

1. d4 Nf6 2. c4 g6 3. Nc3 Bg7 4. e4 O-O 5. Be2 d6 6. Bg5 c5 7. d5 Nbd7 8. Nf3 h6 9. Bf4 a6 10. a4 Kh7 11. O-O Nh5 12. Bd2 Ne5 13. Nxe5 Bxe5 14.
Bxh5 gxh5 15. Qxh5 Bg7 16. f4 f5 17. e5 Bd7 18.
Rae1 Be8 19. Qe2 Bg6 20. Qd3 Rb8 21. Kh1 Qc7 22. exd6 exd6 23. Re6 Rbe8 24. Rfe1 Rxe6 25. dxe6 Qe7 26. Nd5 Qh4 27. g3 Qh3 28. Bc3 Re8 29. Bxg7 Kxg7 30. Qc3+ Kg8 31. Nf6+ Kf8 32. Nxe8 Kxe8 33.
Qh8+ Ke7 34. Qg7+ 1-0

[Event "*** SCC Grand Prix: Titled Tuesday Blitz"]
[Site "Chess.com"]
[Date "2020.10.06"]
[Round "2"]
[White "Alindsay211"]
[Black "chessmadara"]
[Result "1-0"]
[WhiteElo "2393"]
[BlackElo "2105"]
[TimeControl "180+1"]
[EndTime "10:15:51 PDT"]
[Termination "Alindsay211 won by resignation"]

1. e4 c5 2. Nf3 Nc6 3. d4 cxd4 4.
Nxd4 g6 5. c4 Bg7 6. Be3 Nf6 7.
f3 O-O 8. Qd2 d6 9. Nc3 Bd7 10.
Be2 Nxd4 11. Bxd4 a5 12. O-O Bc6 13. Rac1 Nd7 14. Be3 Nc5 15. Rfd1 Be5 16. g3 e6 17. b3 f5 18. exf5 Rxf5 19. Bxc5 Bxc3 20. Rxc3 Rxc5 21. Qxd6 Qb6 22. Qxe6+ Kh8 23. Qf6+ Kg8 24. Qd4 Re8 25. Re3 Rxe3 26. Qxe3 Qb4 27. Qe6+ Kg7 28.
Qe7+ Kh6 29. Qf8+ Kh5 30. f4+ 1-0

[Event "*** SCC Grand Prix: Titled Tuesday Blitz"]
[Site "Chess.com"]
[Date "2020.10.06"]
[Round "2"]
[White "shineatchess"]
[Black "GHANDEEVAM2003"]
[Result "0-1"]
[WhiteElo "2182"]
[BlackElo "2954"]
[TimeControl "180+1"]
[EndTime "10:15:56 PDT"]
[Termination "GHANDEEVAM2003 won by resignation"]

1. e4 c5 2. Nf3 d6 3. Bb5+ Nd7 4. Ba4 Nf6 5. d3 g6 6. c4 Bg7 7.
O-O O-O 8. Bc2 Ne5 9. Nxe5 dxe5 10. Nc3 b6 11. f4 exf4 12. Bxf4 Ng4 13. Kh1 Qd7 14. Qe2 Ne5 15. Nd5 Bb7 16. Rae1 Rad8 17.
b3 Kh8 18. Bg5 f6 19. Be3 Nc6 20. Rf3 e6 21. Nf4 Kg8 22. Rg3 Rfe8 23. h4 Nd4 24. Bxd4 Qxd4 25. h5 g5 26. Nh3 h6 27. Rf1 Qe5 28.
Nf2 Qxg3 0-1

[Event "*** SCC Grand Prix: Titled Tuesday Blitz"]
[Site "Chess.com"]
[Date "2020.10.06"]
[Round "2"]
[White "VladimirBugayev"]
[Black "Th3_Hound"]
[Result "0-1"]
[WhiteElo "2309"]
[BlackElo "2497"]
[TimeControl "180+1"]
[EndTime "10:15:58 PDT"]
[Termination "Th3_Hound won by resignation"]

1. e4 e5 2. Nf3 Nc6 3. d4 exd4 4. Nxd4 Nf6 5. Nxc6 bxc6 6. e5 Qe7 7. Qe2 Nd5 8.
h4 Qe6 9. c4 Nb6 10. Rh3 a5 11.
b3 a4 12. Bb2 Bb4+ 13. Nd2 axb3 14. axb3 Rxa1+ 15. Bxa1 O-O 16. Kd1 Bb7 17. Rg3 Ra8 18. Bb2 Ra2 19. Kc1 c5 20. Kb1 Ra8 21. Qd1 Qf5+ 22. Bd3 Qxf2 23. Qg4 Qe1+ 24. Bc1 g6 25. Qf4 Ra1+ 26. Kxa1 Qxc1+ 27. Nb1 Qxf4 0-1

[Event "*** SCC Grand Prix: Titled Tuesday Blitz"]
[Site "Chess.com"]
[Date "2020.10.06"]
[Round "2"]
[White "SophieNikoladze"]
[Black "Piotrek1979"]
[Result "0-1"]
[WhiteElo "2276"]
[BlackElo "2465"]
[TimeControl "180+1"]
[EndTime "10:16:01 PDT"]
[Termination "Piotrek1979 won by checkmate"]

1. d4 Nf6 2. Nf3 c5 3. e3 g6 4.
b3 Bg7 5. Bb2 O-O 6. Bd3 cxd4 7.
exd4 d5 8. O-O Nc6 9. a3 Bg4 10. Nbd2 Rc8 11. Re1 a6 12. h3 Bf5 13. Bxf5 gxf5 14. Ne5 e6 15. Rc1 b5 16. Qf3 Ne4 17.
Nxe4 Nxe5 18. Nf6+ Qxf6 19. dxe5 Qg5 20. Red1 Rc6 21. Bd4 Rfc8 22. c3 Bf8 23. b4 a5 24.
Rb1 axb4 25. axb4 Rc4 26. Ra1 Qh4 27. Qd3 Qe4 28. Qg3+ Kh8 29. Ra7 Bxb4 30. Rxf7 Rg8 31. Qd3 Qxg2# 0-1

[Event "*** SCC Grand Prix: Titled Tuesday Blitz"]
[Site "Chess.com"]
[Date "2020.10.06"]
[Round "2"]
[White "chenxiaoyuer"]
[Black "esrosenberg"]
[Result "1-0"]
[WhiteElo "2476"]
[BlackElo "2299"]
[TimeControl "180+1"]
[EndTime "10:16:03 PDT"]
[Termination "chenxiaoyuer won by checkmate"]

1. e4 e5 2. Nf3 Nc6 3. Bb5 a6 4. Ba4 Nf6 5. d3 b5 6. Bb3 Bc5 7. O-O d6 8. c3 Ba7 9. Nbd2 O-O 10. Re1 Ng4 11. Re2 Kh8 12. h3 f5 13. Bd5 Bd7 14. exf5 Nf6 15. Bxc6 Bxc6 16. Ng5 Bd7 17. Ne6 Bxe6 18.
fxe6 Nh5 19. Ne4 Qh4 20. Bg5 Bxf2+ 21. Rxf2 Qxf2+ 22. Nxf2 Ng3 23. Qg4 Nf5 24. Ne4 Rae8 25. Rf1 g6 26. Bf6+ Rxf6 27. Nxf6 Rxe6 28. Rxf5 Kg7 29. Rf3 Rxf6 30. Rxf6 Kxf6 31. Qc8 c5 32. Qxa6 Ke6 33. Qxb5 g5 34. a4 h5 35. a5 g4 36.
a6 g3 37. a7 Kf5 38. a8=Q Kf4 39. Qf3+ Kg5 40. Qe8 Kh6 41. Qef7 h4 42. Q3f6# 1-0

[Event "*** SCC Grand Prix: Titled Tuesday Blitz"]
[Site "Chess.com"]
[Date "2020.10.06"]
[Round "2"]
[White "MoreChessJulia"]
[Black "nickmatta"]
[Result "0-1"]
[WhiteElo "1939"]
[BlackElo "2373"]
[TimeControl "180+1"]
[EndTime "10:16:09 PDT"]
[Termination "nickmatta won by resignation"]

1. d4 d5 2. c4 e6 3. Nc3 Be7 4. cxd5 exd5 5. Bf4 c6 6. e3 Bf5 7.
g4 Be6 8. h3 h5 9. Bg2 Nd7 10. f3 Bh4+ 11. Kf1 Ne7 12. Nge2 Ng6 13. Bg3 Qf6 14. Kg1 O-O-O 15. Qa4 Bxg3 16. Nxg3 Kb8 17. b4 Nb6 18. Qb3 Nc4 19. Na4 Nh4 20. Rf1 Nd2 21.
Qb2 Nxf1 22. Nxf1 Nxf3+ 23. Bxf3 Qxf3 24. b5 cxb5 25. Qxb5 Bd7 26. Qb4 Bxa4 27. Qxa4 hxg4 28. Qc2 Rxh3 29. Rxh3 gxh3 30. Qh2+ Ka8 0-1

[Event "*** SCC Grand Prix: Titled Tuesday Blitz"]
[Site "Chess.com"]
[Date "2020.10.06"]
[Round "2"]
[White "Tooweak2slow03"]
[Black "FloMasterAAK"]
[Result "0-1"]
[WhiteElo "2789"]
[BlackElo "2556"]
[TimeControl "180+1"]
[EndTime "10:16:11 PDT"]
[Termination "FloMasterAAK won by resignation"]

1. e4 e5 2. Nf3 Nc6 3. Nc3 Nf6 4. a3 a6 5. d4 exd4 6. Nxd4 Bc5 7. Be3 Nxd4 8.
Bxd4 Bxd4 9. Qxd4 d6 10. Be2 O-O 11. f4 Re8 12. O-O Bd7 13. Bf3 Bc6 14. Rae1 Nd7 15. e5 Bxf3 16. Rxf3 dxe5 17. fxe5 Nxe5 18. Qxe5 Rxe5 19.
Rxe5 Qd2 20. Re2 Qc1+ 21. Rf1 Qxb2 22. Nb1 Qb6+ 23. Kh1 Rd8 24. Nd2 Qb5 25. Rfe1 h6 26. Nf3 Qc5 27. a4 Qc4 28. a5 Qc3 29. Re5 Qxc2 30. Re7 Rd1 31. Rxd1 Qxd1+ 32. Re1 Qd7 33. Rc1 c6 34. h3 Qf5 35. Nd4 Qxa5 36. Rd1 Qd5 37.
Rd2 a5 38. Nf3 Qc5 39. g4 a4 40. h4 b5 41. g5 Qf5 42. Kg2 a3 43. Kf2 b4 44. g6 fxg6 45. Rd8+ Kh7 46. Kg3 a2 47.
Ra8 b3 48. Nd4 Qe5+ 0-1

[Event "*** SCC Grand Prix: Titled Tuesday Blitz"]
[Site "Chess.com"]
[Date "2020.10.06"]
[Round "2"]
[White "GlennTipton"]
[Black "NotFischer"]
[Result "0-1"]
[WhiteElo "2443"]
[BlackElo "2283"]
[TimeControl "180+1"]
[EndTime "10:16:11 PDT"]
[Termination "NotFischer won by checkmate"]

1. e4 d5 2. exd5 Nf6 3. d4 Bg4 4. f3 Bf5 5. c4 e6 6. dxe6 Nc6 7.
Be3 Bb4+ 8. Nc3 O-O 9. Bd3 Nxd4 10. Bxf5 Nxf5 11. Qxd8 Raxd8 12. exf7+ Kxf7 13. Bd2 Rfe8+ 14. Nge2 Nd4 15. O-O-O Rxe2 16. Nxe2 Nxe2+ 17. Kc2 Nd4+ 18. Kb1 Bxd2 19. Rxd2 c5 20. Re1 Rd7 21. b4 b6 22.
bxc5 bxc5 23. Re5 Rc7 24. Rb2 Nd7 25. Rd5 Nb6 26. Rd8 Nxc4 27. Rbb8 Re7 28. Rf8+ Kg6 29. Rbe8 Rb7+ 30. Kc1 Rb2 31. Rc8 Rc2+ 32. Kd1 Ne3+ 33.
Ke1 Re2# 0-1

[Event "*** SCC Grand Prix: Titled Tuesday Blitz"]
[Site "Chess.com"]
[Date "2020.10.06"]
[Round "2"]
[White "dosto07"]
[Black "vovachesss"]
[Result "0-1"]
[WhiteElo "2362"]
[BlackElo "2674"]
[TimeControl "180+1"]
[EndTime "10:16:14 PDT"]
[Termination "vovachesss won by resignation"]

1. e4 e5 2. Nf3 d5 3. Nxe5 Bd6 4. d4 dxe4 5. Nc3 Bxe5 6. dxe5 Qxd1+ 7. Kxd1 Bf5 8. Bf4 Nc6 9. Bb5 O-O-O+ 10. Ke2 Nd4+ 11.
Kf1 Nxc2 12. Rc1 Nd4 13. h3 e3 14. Bc4 exf2 15. Kxf2 Be6 16. Nb5 Bxc4 17. Rxc4 Nxb5 18. e6 fxe6 19. Rhc1 c6 20. Rc5 Nc7 21. Be5 Nf6 22. Kg1 Rd5 23. Rxd5 exd5 24. Rf1 Rf8 25. Bd4 Ne6 26.
Be5 b6 27. g4 Nd7 28. Bd6 Rxf1+ 29. Kxf1 c5 30. Ke2 Nf6 31. Kf3 Kd7 32. Be5 Nd4+ 33.
Kf4 Ke6 34. Bb8 Nc6 35. Bc7 Ne8 0-1

[Event "*** SCC Grand Prix: Titled Tuesday Blitz"]
[Site "Chess.com"]
[Date "2020.10.06"]
[Round "2"]
[White "Rital44"]
[Black "akashcheck"]
[Result "1-0"]
[WhiteElo "2424"]
[BlackElo "2212"]
[TimeControl "180+1"]
[EndTime "10:16:14 PDT"]
[Termination "Rital44 won on time"]

1. e4 e5 2. Nf3 Nc6 3. Bb5 a6 4. Ba4 Nf6 5. O-O Be7 6. Re1 b5 7. Bb3 d6 8. h3 O-O 9. d3 Na5 10. c3 Nxb3 11. axb3 c5 12. Nbd2 Bb7 13. Nf1 Re8 14.
Ng3 h6 15. Nf5 Bf8 16. N3h4 Kh7 17. Qf3 g6 18. g4 d5 19. Nxh6 Bxh6 20. Bxh6 Kxh6 21.
g5+ Kg7 22. gxf6+ Qxf6 23. Qxf6+ Kxf6 24. f3 d4 25. Kf2 Rh8 26. Kg3 Rh5 27. Ng2 Rah8 28.
Rh1 Bc8 29. h4 g5 30. hxg5+ Rxg5+ 31. Kf2 Rhg8 32. Rh6+ Ke7 33. Nh4 f6 34. b4 cxb4 35. cxb4 R5g7 36. Rc1 Bd7 37. Rc7 Kd6 38. Ra7 Rc8 39.
Rxf6+ Ke7 40. Nf5+ Kxf6 41. Rxa6+ 1-0

[Event "*** SCC Grand Prix: Titled Tuesday Blitz"]
[Site "Chess.com"]
[Date "2020.10.06"]
[Round "2"]
[White "ChessWarrior7197"]
[Black "chessplayer9919"]
[Result "1-0"]
[WhiteElo "3002"]
[BlackElo "2604"]
[TimeControl "180+1"]
[EndTime "10:16:15 PDT"]
[Termination "ChessWarrior7197 won by resignation"]

1. e4 e5 2. Nf3 Nc6 3. Bc4 Nf6 4. O-O Bc5 5. d4 exd4 6. e5 d5 7. exf6 dxc4 8. fxg7 Rg8 9. Bg5 Qd5 10. Nc3 Qf5 11. Ne4 Rxg7 12. Nh4 Qxe4 13. Re1 Qxe1+ 14. Qxe1+ Be6 15.
Bf6 Rg4 16. h3 Rg8 17. Qe4 Kd7 18. Rd1 Rae8 19. Qxh7 Kc8 20. Nf3 Rg6 21. Bxd4 Bd5 22. Bxc5 Bxf3 23. Qxf7 Rxg2+ 24. Kf1 Reg8 25. Qxf3 Rg1+ 26.
Ke2 Re8+ 27. Be3 1-0

[Event "*** SCC Grand Prix: Titled Tuesday Blitz"]
[Site "Chess.com"]
[Date "2020.10.06"]
[Round "2"]
[White "GiorgianBarbosa"]
[Black "Oglob71"]
[Result "1-0"]
[WhiteElo "2326"]
[BlackElo "2497"]
[TimeControl "180+1"]
[EndTime "10:16:15 PDT"]
[Termination "GiorgianBarbosa won by resignation"]

1. c4 Nf6 2. g3 e6 3. Bg2 d5 4. Nf3 Be7 5. O-O O-O 6. d4 dxc4 7. Qc2 a6 8. a4 Bd7 9. Qxc4 Bc6 10. Rd1 Nbd7 11. Nc3 Nb6 12. Qb3 a5 13. Bg5 Ne4 14. Bxe7 Qxe7 15. Ne5 Nxc3 16. bxc3 Bxg2 17. Kxg2 Rfd8 18.
Rab1 Qd6 19. e4 Ra7 20. Nc4 Nxc4 21. Qxc4 c6 22. Rb6 Rd7 23. Rdb1 h5 24. h4 Qe7 25.
Qe2 g6 26. e5 Qd8 27. R1b3 Rc7 28. Qb2 Qd5+ 29. Kg1 Qd7 30. Qa3 c5 31. dxc5 Qd1+ 32. Kh2 Qe2 33. Qb2 Qxe5 34. Rxb7 Raxb7 35. Rxb7 Rxc5 36. Rb5 Qc7 37. Rb8+ Kh7 38. c4 e5 39. Rb7 Qd6 40.
Rxf7+ Kg8 41. Qb7 Qe6 42. Re7 Qf6 43. Re8+ Qf8 44. Rxf8+ Kxf8 45. Qb5 1-0

[Event "*** SCC Grand Prix: Titled Tuesday Blitz"]
[Site "Chess.com"]
[Date "2020.10.06"]
[Round "2"]
[White "MiroVlasenko"]
[Black "ChessicallyInclined"]
[Result "1-0"]
[WhiteElo "2795"]
[BlackElo "2532"]
[TimeControl "180+1"]
[EndTime "10:16:16 PDT"]
[Termination "MiroVlasenko won by resignation"]

1. d4 Nf6 2. Bg5 e6 3. Nf3 h6 4. Bh4 d5 5. e3 Nbd7 6. Nbd2 Be7 7. Bd3 c5 8. c3 b6 9. O-O Bb7 10. Ne5 Nxe5 11. dxe5 Ne4 12. Bb5+ Kf8 13. Bxe7+ Qxe7 14. Nxe4 dxe4 15. Qg4 a6 16. Ba4 Qg5 17. Qf4 Ke7 18. Rad1 Rhd8 19. Bc2 Qxf4 20. exf4 f5 21. exf6+ gxf6 22. g3 f5 23. Rfe1 Kf6 24. Kf1 e5 25. fxe5+ Kxe5 26. f3 Rxd1 27. Bxd1 Rd8 28. Ke2 Bc6 29. b3 Rd3 30. fxe4 fxe4 31. c4 Kd4 32. Bc2 Re3+ 33. Kd2 Rxe1 34. Kxe1 Kc3 35. Bd1 Kb2 36. a4 Kc3 37. Ke2 Kd4 38. g4 e3 39. h4 Be4 40. g5 hxg5 41. hxg5 Bg6 42. Ke1 Ke4 43. Bc2+ 1-0

[Event "*** SCC Grand Prix: Titled Tuesday Blitz"]
[Site "Chess.com"]
[Date "2020.10.06"]
[Round "2"]
[White "GoltsevDmitry2000"]
[Black "chegueps"]
[Result "1-0"]
[WhiteElo "2715"]
[BlackElo "2482"]
[TimeControl "180+1"]
[EndTime "10:16:16 PDT"]
[Termination "GoltsevDmitry2000 won by resignation"]

1. e4 e6 2. d4 d5 3. exd5 exd5 4.
Bd3 Bd6 5. Nf3 h6 6. O-O Qf6 7. Re1+ Ne7 8. Ne5 O-O 9. f4 c6 10. c3 Bf5 11. Bf1 Ng6 12. Be3 Be4 13. Nd2 Nxf4 14. Qg4 Ng6 15. Nxe4 dxe4 16. Nxg6 Qxg6 17. Qxg6 fxg6 18. Bc4+ Kh7 19. Bd2 Re8 20. Bd3 Nd7 21.
Bxe4 Nf6 22. Bd3 Nd5 23. g3 a5 24. a3 Ne7 25. Re6 Rad8 26. Rae1 c5 27. Bxg6+ Nxg6 28. Rxe8 1-0

[Event "*** SCC Grand Prix: Titled Tuesday Blitz"]
[Site "Chess.com"]
[Date "2020.10.06"]
[Round "2"]
[White "MFBerna"]
[Black "Orest_Vovk"]
[Result "1/2-1/2"]
[WhiteElo "2288"]
[BlackElo "2460"]
[TimeControl "180+1"]
[EndTime "10:16:16 PDT"]
[Termination "Game drawn by repetition"]

1. e4 Nc6 2. Nf3 d5 3. exd5 Qxd5 4. Nc3 Qa5 5. h3 g5 6. Bc4 g4 7. hxg4 Bxg4 8. Bb5 O-O-O 9. Bxc6 bxc6 10. d3 Nf6 11.
Bd2 Qf5 12. Qe2 Bxf3 13. Qxf3 Qxf3 14. gxf3 Nd5 15. Ke2 Bg7 16. Rag1 Nxc3+ 17. bxc3 Bf6 18.
c4 h5 19. Bg5 Rdg8 20. Bxf6 Rxg1 21. Rxg1 exf6 22. Ke3 Kd7 23. Kf4 Rb8 24. Ke3 Rb2 25.
Kd2 Rxa2 26. Rh1 Ra5 27. d4 Rg5 28. Ke3 c5 29. c3 cxd4+ 30. cxd4 Ra5 31. f4 f5 32. Rg1 Ra3+ 33. Kd2 Rf3 34. Rg5 Rxf4 35. Ke3 Re4+ 36. Kd3 Rf4 37. Ke3 Re4+ 38. Kd3 Rf4 39. Ke3 1/2-1/2

[Event "*** SCC Grand Prix: Titled Tuesday Blitz"]
[Site "Chess.com"]
[Date "2020.10.06"]
[Round "2"]
[White "Teo2000"]
[Black "catzapto"]
[Result "1-0"]
[WhiteElo "2399"]
[BlackElo "2134"]
[TimeControl "180+1"]
[EndTime "10:16:16 PDT"]
[Termination "Teo2000 won by checkmate"]

1. e4 c5 2. b4 cxb4 3. d4 d5 4.
exd5 Qxd5 5. Bb2 Nc6 6. c4 bxc3 7. Nxc3 Qxd4 8. Nd5 e6 9. Nc7+ Kd8 10. Nxa8 Bb4+ 11.
Ke2 Qd5 12. Qxd5+ exd5 13. Bxg7 b6 14. Bxh8 Nge7 15. Nf3 Nf5 16. Bf6+ Ke8 17. Nc7+ Kf8 18. Nxd5 Ba5 19. Rc1 Bb7 20. Kd1 Nb4 21. Nxb4 Bxb4 22. Rc7 Nd6 23. Rxb7 Nxb7 24. Bc4 Nd6 25. Bb3 Ne4 26.
Bd4 Bc3 27. Bxc3 Nxc3+ 28. Kc2 Ne4 29. Re1 Nxf2 30. Ne5 f6 31. Nc6 Ng4 32. Nxa7 Nxh2 33. Nc8 Ng4 34. Nxb6 h5 35. a4 Kg7 36. a5 f5 37. a6 f4 38. a7 Ne3+ 39. Rxe3 fxe3 40. a8=Q h4 41. Qf3 Kg6 42. Nd5 h3 43. gxh3 e2 44.
Qxe2 Kg5 45. Qe3+ Kh4 46. Qf4+ Kxh3 47. Qg5 Kh2 48. Qg4 Kh1 49. Ne3 Kh2 50. Qg2# 1-0

[Event "*** SCC Grand Prix: Titled Tuesday Blitz"]
[Site "Chess.com"]
[Date "2020.10.06"]
[Round "2"]
[White "kingnb"]
[Black "Chuchofrio1"]
[Result "1-0"]
[WhiteElo "2645"]
[BlackElo "2339"]
[TimeControl "180+1"]
[EndTime "10:16:19 PDT"]
[Termination "kingnb won by checkmate"]

1. d4 f5 2. Nf3 Nf6 3. Bg5 e6 4. Nc3 Be7 5. Bxf6 Bxf6 6. e4 fxe4 7. Nxe4 O-O 8. Bd3 Nc6 9. c3 d6 10. O-O e5 11. Nxf6+ Qxf6 12. dxe5 Nxe5 13. Nxe5 Qxe5 14. Qc2 Bf5 15. Rae1 Bxd3 16. Qxd3 Qf6 17. Qd5+ Qf7 18. Qa5 b6 19. Qa4 a5 20. Re3 Rae8 21. Rf3 Qe7 22.
Qc4+ Kh8 23. Re3 Qd7 24. Rfe1 Rxe3 25. Rxe3 Qf5 26. Qf1 h6 27. Rf3 Qc8 28. Rxf8+ Qxf8 29. Qe2 Qf7 30. b3 Qd5 31. g3 Qg5 32. c4 Qc1+ 33.
Kg2 Qg5 34. Qe8+ Kh7 35. Qe4+ Qg6 36. Qc6 Qf7 37. h4 Qe7 38. Kf3 Qf6+ 39. Ke3 Qe5+ 40. Qe4+ Qxe4+ 41. Kxe4 g5 42. hxg5 hxg5 43. Kd5 Kg6 44.
Kc6 Kf5 45. f4 gxf4 46. gxf4 Kxf4 47. Kxc7 Ke5 48. Kxb6 Kd4 49. Kxa5 Kc5 50. a3 d5 51. cxd5 Kxd5 52. b4 Kc6 53. Ka6 Kc7 54. b5 Kb8 55.
b6 Ka8 56. a4 Kb8 57. b7 Kc7 58. Ka7 Kd6 59. b8=Q+ Kd5 60. Kb6 Kd4 61. a5 Kd3 62. a6 Kd2 63. a7 Kd1 64. a8=Q Ke1 65. Qe4+ Kd2 66. Qd6+ Kc3 67. Qdd3+ Kb2 68. Qee2+ Ka1 69. Qdd1# 1-0

[Event "*** SCC Grand Prix: Titled Tuesday Blitz"]
[Site "Chess.com"]
[Date "2020.10.06"]
[Round "2"]
[White "Susal_De_Silva"]
[Black "PavelShkapenko"]
[Result "0-1"]
[WhiteElo "2480"]
[BlackElo "2712"]
[TimeControl "180+1"]
[EndTime "10:16:20 PDT"]
[Termination "PavelShkapenko won by resignation"]

1. e4 e5 2. Nf3 Nc6 3. Bc4 Bc5 4. O-O Nf6 5. d3 a6 6. c3 Ba7 7. Nbd2 O-O 8. h3 Re8 9. Re1 d5 10. exd5 Nxd5 11. Ne4 h6 12. Ng3 Na5 13. Bxd5 Qxd5 14. c4 Qd6 15. Bd2 Nc6 16. Bc3 Bd7 17. Qd2 Rad8 18. Rad1 Bc8 19. Ne4 Qg6 20. Qe2 Bxh3 21. Nh4 Qg4 22. Qxg4 Bxg4 23. Rd2 Nd4 24. Bxd4 Bxd4 25.
Ng3 g6 26. Nf3 Bxf3 27. gxf3 f5 28. Kg2 Kf7 29. Ne2 Bc5 30. f4 exf4 31. Red1 g5 32. a3 Bd4 33. Rh1 Kg6 34. Kf3 g4+ 0-1